 Dungeon Sprint DCSS version 0.26-a0-694-g74916bafe0 (webtiles) character file.

Game seed: 3984109198482148625

19 ANON1729 the Sneak (level 2, -1/16 HPs)
             Began as a Spriggan Brigand on Oct 25, 2020.
             Was an Initiate of Dithmenos.
             Slain by a killer bee (7 damage)
             ... in the Dungeon (Sprint IX: "|||||||||||||||||||||||||||||").
             The game lasted 00:00:57 (654 turns).

ANON1729 the Sneak (Spriggan Brigand)                Turns: 654, Time: 00:00:57

Health: -1/16      AC:  3    Str:  7    XL:     2   Next: 55%
Magic:  3/3        EV: 20    Int: 12    God:    Dithmenos [......]
Gold:   0          SH:  0    Dex: 23    Spells: 1/1 levels left

rFire    . . .     SeeInvis +   a - +2 dagger
rCold    . . .     Faith    .   (shield restricted)
rNeg     . . .     Spirit   .   b - +0 robe
rPois    .         Reflect  .   (helmet restricted)
rElec    .         Harm     .   c - +0 cloak
rCorr    .         Rampage  .   (gloves unavailable)
MR       .....     NoTele   +   (boots unavailable)
Stlth    ++++......             (no amulet)
HPRegen  0.05/turn              o - +3 ring of dexterity
MPRegen  0.08/turn              p - +3 ring of dexterity

@: very quick
A: very small, unfitting armour, see invisible, speed 3
a: Renounce Religion


You were in the Dungeon.
You worshipped Dithmenos.
Dithmenos was noncommittal.
You visited 1 branch

Inventory:

Hand Weapons
 a - a +2 dagger (weapon)
Missiles
 d - 8 poisoned darts (quivered)
 e - 2 curare-tipped darts
Armour
 b - a +0 robe (worn)
 c - a +0 cloak (worn)
Jewellery
 o - a +3 ring of dexterity (left hand)
 p - a +3 ring of dexterity (right hand)
Wands
 n - a wand of iceblast (10)
Scrolls
 k - 2 scrolls of blinking
 l - 3 scrolls of remove curse
 m - 2 scrolls of amnesia
Potions
 f - 4 potions of curing
 g - 3 potions of heal wounds
 h - a potion of haste
 i - 4 potions of magic
 j - a potion of invisibility


   Skills:
 + Level 2.4 Fighting
 + Level 3.3 Short Blades
 + Level 3.0 Throwing
 + Level 3.6 Dodging
 + Level 6.9 Stealth


You had one spell level left.
You didn't know any spells.
Your spell library was empty.

Dungeon Overview and Level Annotations

Branches:
Dungeon (1/1)

Altars:
Cheibriados
Dithmenos
Elyvilon
Fedhas
Gozag
Hepliaklqana
Kikubaaqudgha
Makhleb
Nemelex Xobeh
Okawaru
Qazlal
Ru
Sif Muna
Trog
Uskayaw
Vehumet
Wu Jian
Xom
Yredelemnul
Zin
The Shining One
Beogh
Jiyva
Lugonu


Innate Abilities, Weirdness & Mutations

You are very small and have problems with some larger weapons.
You are too small for most types of armour.
You have supernaturally acute eyesight. (SInv)
You cover ground extremely quickly.


Message History

The killer bee misses you. The killer bee completely misses you.
You hit the killer bee.
The killer bee is moderately wounded.
The killer bee misses you.
You closely miss the killer bee.
The killer bee is moderately wounded.
The killer bee closely misses you. The killer bee completely misses you.
You hit the killer bee.
The killer bee is heavily wounded.
The killer bee stings you!
Ouch! That really hurt!
* * * LOW HITPOINT WARNING * * *
You are lethally poisoned!
The killer bee poisons you! The killer bee completely misses you.
* * * LOW HITPOINT WARNING * * *
You feel sick.
There is a hide-covered altar of Uskayaw here.
You feel better. The killer bee completely misses you.
The killer bee stings you!
You die... ▓▓▓▓▓▓▓▓▓▓▓▓▓▓▓▓▓▓▓▓▓▓▓▓▓▓▓▓▓▓▓▓▓ ..[[r.)..'__yrBy@________________ ▓▓▓▓▓▓▓▓▓▓▓▓▓▓▓▓▓▓▓▓▓▓▓▓▓▓▓▓▓▓▓▓▓

You could see a worker ant, 2 killer bees and a quokka.

Vanquished Creatures
  An adder (D)
  An orc (D)
  A ball python (D)
  2 giant cockroaches (D)
  A hobgoblin (D)
  2 bats (D)
  2 frilled lizards (D)
10 creatures vanquished.

Notes
Turn   | Place    | Note
-------+----------+-------------------------------------------
     0 | D        | ANON1729 the Spriggan Brigand began the quest for the Orb.
     0 | D        | Reached XP level 1. HP: 10/10 MP: 2/2
     3 | D        | Banished a spatial maelstrom
     7 | D        | Reached skill level 6 in Stealth
   231 | D        | Reached XP level 2. HP: 9/16 MP: 3/3
   531 | D        | Found a roughly hewn altar of Beogh.
   531 | D        | Found a snail-covered altar of Cheibriados.
   531 | D        | Found a shadowy altar of Dithmenos.
   531 | D        | Found a white marble altar of Elyvilon.
   531 | D        | Found a blossoming altar of Fedhas.
   531 | D        | Found an opulent altar of Gozag.
   532 | D        | Found a hazy altar of Hepliaklqana.
   533 | D        | Found a viscous altar of Jiyva.
   534 | D        | Found an ancient bone altar of Kikubaaqudgha.
   535 | D        | Found a corrupted altar of Lugonu.
   536 | D        | Found a burning altar of Makhleb.
   537 | D        | Found a sparkling altar of Nemelex Xobeh.
   538 | D        | Found an iron altar of Okawaru.
   539 | D        | Found a stormy altar of Qazlal.
   540 | D        | Found a sacrificial altar of Ru.
   541 | D        | Found a shimmering blue altar of Sif Muna.
   542 | D        | Found a bloodstained altar of Trog.
   543 | D        | Found a hide-covered altar of Uskayaw.
   544 | D        | Found a radiant altar of Vehumet.
   545 | D        | Found an ornate altar of the Wu Jian Council.
   546 | D        | Found a shimmering altar of Xom.
   547 | D        | Found a basalt altar of Yredelemnul.
   548 | D        | Found a glowing silver altar of Zin.
   549 | D        | Found a glowing golden altar of the Shining One.
   587 | D        | Became a worshipper of Dithmenos the Shadowed
   622 | D        | Noticed a killer bee
   622 | D        | Noticed a killer bee
   622 | D        | Noticed a killer bee
   654 | D        | Slain by a killer bee

Illustrated notes

Levels and vault maps discovered:
D:        linesprint [early_d, line_temple, items_1, d_10, items_2, lair_1,
          lair_end, items_3, orc_1, orc_end, items_4, d_15, swamp_1, shoals_1,
          snake_1, spider_1, d_20, vaults_1, items_5, swamp_end, shoals_end,
          snake_end, spider_end, vaults_end, d_27, items_6, zot_1, zot_end,
          crypt_end, forest_end, elf_end, slime_end, tomb_end, abyss_end,
          pan_hell_end]

Skill      XL: |  1  2 |
---------------+-------+-----
Dodging        | 3 |  3.6
Stealth        | 6 |  6.9
Fighting       | 2 |  2.4
Short Blades   | 3 |  3.3
Throwing       | 3 |  3.0

Action                   || total
-------------------------++-------
Melee: Dagger            ||    36
  Use: Potion            ||     2
 Stab: Sleeping          ||     2
Armor: Robe              ||     2
Dodge: Dodged            ||    25

Table legend: (Time is in decaauts)
 A = Elapsed time spent in this place.
 B = Non-inter-level travel time spent in this place.
 C = Inter-level travel time spent in this place.
 D = Time resting spent in this place.
 E = Time spent auto-exploring this place.
 F = Levels seen in this place.
 G = Mean time per level.
                   A        B        C        D        E       F      G
               +--------+--------+--------+--------+--------+-----+--------+
         Total |    601 |    601 |      0 |    475 |     21 |   1 |  601.0 |
       Dungeon |    601 |    601 |      0 |    475 |     21 |   1 |  601.0 |
               +--------+--------+--------+--------+--------+-----+--------+

Top non-repeatable levels by time:
       D: 601 daAuts
